← All builds
Geo / Armada / Economy first / OBSERVED BUILD

Standard geo

Eco-first Geo build that rushes geothermal power and T2 constructor before transitioning into Starlight-led T2 units for front, the role's baseline play.

Usually blows up the commander for T2 (66%)

#eco #t2 · 709 distinct matches · 107 players · 58% of Armada Geo games · team won 54% of 800 · Recently observed

HOW TO PLAY IT

Key timing: Geothermal Powerplant by 3:26

  1. Open mex and wind into Bot Lab.
  2. Rush geothermal for the early energy spike.
  3. Add Advanced Metal Extractor, then Advanced Geothermal by 7:07.
  4. Bring up Vehicle Plant alongside T2 con for "Starlight" and vehicles.
  5. Funnel "Starlight" and T1 vehicles to front, pay allies with cons and "Lazarus".

Phase by phase

TYPICAL OF ITS 709 GAMES
  1. 1
  2. 2
  3. 3
  4. 4
PLAY THE OPENING

Follow the example game's first 6:00 step by step: what to build now, what comes next, and where it goes. At 1× it keeps pace with your own game.

  1. 1

    Up to the Bot Lab

    Economy
    • Metal Extractor2Mex
    • Wind Turbine4Wind
    Order
    1. Bot LabBot Lab after 2 mex, 4 winddone ~1:12, middle half 0:58–1:22

    By 0:55 in all: 2 mex · 4 wind

    The example game in this phase · 5 steps
    1. Mex ×2
    2. Wind ×4
    3. Energy storage
    4. Wind
    5. Bot LabBot Labdone 1:18 · typical 1:12
  2. 2

    Bot Lab to 5:00

    Economy
    • Metal Extractor2Mex
    • Wind Turbine3Wind
    • Energy Converter8Converter
    • Energy Storage1Energy storage
    Order
    1. Geothermal PowerplantGeo after 4 mex, 5 wind, 1 energy storage
    Builders
    • Construction Turret5 Con turret
    • Lazarus4 Lazarus
    • Construction Bot2 Con bot
    • Construction Bot1 Con bot for allies
    • Lazarus1 Lazarus for allies

    By 5:00 in all: 4 mex · 6 wind · 1 geo · 8 converter · 1 energy storage · 5 con turret

    The example game in this phase · 26 steps
    1. Construction BotCon botfor Beach sea
    2. Construction BotCon bot
    3. LazarusLazarus ×2
    4. LazarusLazarusfor Beach sea
    5. Mex ×2
    6. LazarusLazarus
    7. Construction BotCon bot
    8. LazarusLazarus
    9. Geothermal PowerplantGeodone 3:10 · typical 3:26
    10. Con turret
    11. Converter ×5
    12. Con turret
    13. Converter
    14. Con turret
    15. Converter ×2
    16. Con turret
    17. Converter ×2
    18. Wind
    19. Con turret
    20. Wind
    21. Converter
    22. Wind
    23. Con turret
    24. Converter
    25. Wind
    26. Radar TowerRadar Tower
  3. 3

    5:00 to Vehicle Plant

    Order
    1. Advanced Geothermal PowerplantAdvanced Geothermal Powerplant after 8 wind, 10 converter, 6 con turretin 59% of games
    2. Vehicle PlantVehicle Plant after 9 wind, 10 converter, 6 con turretdone ~7:07, middle half 6:42–7:41
    Builders
    • Construction Turret1 Con turret

    Some games also: converter (49%) · wind (48%)

    By 7:00 in all: 4 mex · 10 wind · 1 geo · 1 Advanced Geothermal Powerplant · 10 converter · 1 energy storage

    The example game in this phase · 2 steps
    1. Wind ×8
    2. Vehicle PlantVehicle Plantdone 5:31 · typical 7:07
  4. 4

    Vehicle Plant to 10:00

    Economy
    • Wind Turbine5Wind
    • Energy Converter3Converter
    Order
    1. Advanced Vehicle PlantAdvanced Vehicle Plant after 11 wind, 11 converter, 7 con turret
    Builders
    • Construction Vehicle1 Con vehicle
    Army
    • Starlight2 Starlight
    • Umbra1 Jammer
    • Prophet1 Radar vehicle

    Some games also: con turret (50%) · T2 con vehicle for allies (48%) · Jaguar (31%)

    By 10:00 in all: 4 mex · 20 wind · 1 geo · 1 Advanced Geothermal Powerplant · 16 converter · 1 energy storage

    The example game in this phase · 117 steps
    1. Wind ×2
    2. Construction VehicleCon vehicle
    3. Wind
    4. Advanced Metal ExtractorT2 mexdone 5:59 · typical 5:34
    5. Wind ×3
    6. Advanced Metal ExtractorT2 mex
    7. Wind ×6
    8. Advanced Metal ExtractorT2 mex
    9. Wind ×8
    10. PrudePrudedone 7:27
    11. Wind ×2
    12. Advanced Metal ExtractorT2 mex
    13. Wind ×8
    14. Advanced Vehicle PlantAdvanced Vehicle Plantdone 8:09 · typical 8:07
    15. Wind ×5
    16. Advanced Construction VehicleT2 con vehiclefor Suicide front
    17. Wind ×3
    18. Energy storage
    19. UmbraJammer
    20. Wind
    21. ProphetRadar vehicle
    22. Wind ×2
    23. StarlightStarlightdone 8:53 · typical 9:03
    24. Wind ×4
    25. StarlightStarlight
    26. Wind ×5
    27. StarlightStarlight
    28. Wind ×4
    29. StarlightStarlight
    30. Wind
    31. Con turret
    32. Wind ×2
    33. Advanced Construction VehicleT2 con vehicle
    34. Wind
    35. Vehicle PlantVehicle Plantdone 10:39
    36. Wind ×2
    37. BlitzBlitz ×2
    38. Wind
    39. Vehicle PlantVehicle Plantdone 11:02
    40. BlitzBlitz ×2
    41. Con turret ×3
    42. BlitzBlitz ×2
    43. Con turret
    44. BlitzBlitz ×3
    45. Metal storage
    46. BlitzBlitz ×4
    47. Wind ×2
    48. BlitzBlitz
    49. Wind
    50. BlitzBlitz ×2
    51. Wind
    52. BlitzBlitz ×3
    53. Wind
    54. BlitzBlitz ×3
    55. Wind
    56. BlitzBlitz
    57. Con turret
    58. BlitzBlitz ×2
    59. Wind
    60. BlitzBlitz ×4
    61. Converter
    62. BlitzBlitz ×4
    63. Converter
    64. BlitzBlitz ×4
    65. Wind
    66. BlitzBlitz ×2
    67. Wind
    68. BlitzBlitz ×2
    69. Wind
    70. BlitzBlitz
    71. Wind
    72. BlitzBlitz ×2
    73. Wind
    74. BlitzBlitz
    75. Wind
    76. BlitzBlitz ×2
    77. Wind
    78. BlitzBlitz ×2
    79. Wind ×2
    80. BlitzBlitz ×2
    81. Wind
    82. BlitzBlitz ×2
    83. Wind
    84. BlitzBlitz ×2
    85. Wind ×2
    86. BlitzBlitz ×4
    87. Wind
    88. Converter
    89. BlitzBlitz ×3
    90. Converter
    91. BlitzBlitz
    92. Converter
    93. BlitzBlitz
    94. Wind
    95. BlitzBlitz
    96. CitadelAnti-nukedone 14:04
    97. Converter
    98. BlitzBlitz ×2
    99. Converter
    100. Wind ×5
    101. BlitzBlitz
    102. Wind
    103. BlitzBlitz
    104. Wind ×5
    105. BlitzBlitz ×3
    106. Converter
    107. Wind
    108. BlitzBlitz ×3
    109. Advanced Vehicle PlantAdvanced Vehicle Plantdone 14:39
    110. Converter
    111. Wind
    112. Converter ×3
    113. Wind ×6
    114. StarlightStarlight
    115. Wind ×5
    116. StarlightStarlight
    117. Wind

Counts are medians over the build's games: half of them build more, half fewer. The example game is Damsko's (39 OS, 25/09/2026); pick another.

Team trades

IN AT LEAST 30% OF ITS GAMES

You hand over

  • Lazarus1 Lazarus to Beach seafirst at 2:16 · in 78% of games
  • Construction Bot1 Con bot to Beach seafirst at 2:31 · in 88% of games
  • Advanced Construction Vehicle1 T2 con vehicle to Suicide front or Frontfirst at 8:52 · in 62% of games

You get

  • Hercules1 Light transport from Airfirst at 4:20 · in 35% of games
  • Advanced Construction Bot1 T2 con bot from Techfirst at 4:48 · in 95% of games

How it plays out

Typical game of this build, running totals by minute

Metal produced

020k40k
0:005:0010:0015:00

metal

Enemy metal destroyed

05k10k15k
0:005:0010:0015:00

metal

Own metal lost

02.5k5k7.5k
0:005:0010:0015:00

metal

800 games.

Show as table
ByMetal produced: This buildEnemy metal destroyed: This buildOwn metal lost: This build
1:0033300
2:0082600
3:00152700
4:00270000
5:00372800
6:00572800
7:00814500
8:0011494021
9:001451051130
10:0017421615320
11:00204012076790
12:002333640221927
13:002607961903323
14:002899585234783
15:0031544103856248
WHAT THE NUMBERS SAY

Standard Geo build dominates the resource numbers, with zero own losses through 10:00 and a huge metal lead by 15:00.

  • + Metal produced hits 31426 by 15:00, highest of all six builds
  • + Own metal lost is 0 by 5:00 and only 334 by 10:00
  • − First Starlight only arrives in 57% of games by 9:19
  • − Advanced geothermal lands in just 69% of games by 7:16
THE EXAMPLE YOU ARE READING

Damsko

39.0 OS · 25/09/2026

Open source match ↗

2 received units · includes a constructor
3418 metal received · 33506 energy received

Allied construction assistance is unknown. Timings are observations, not a promise of solo reproducibility.

Typical milestones

Bot Lab1:12Middle 50%: 0:58–1:22 · n=799
Geothermal Powerplant3:26Middle 50%: 3:10–3:42 · n=798
Advanced Metal Extractor5:34Middle 50%: 5:18–5:56 · n=797
Advanced Geothermal Powerplant7:06Middle 50%: 6:49–7:34 · n=578
Vehicle Plant7:07Middle 50%: 6:42–7:41 · n=761
Advanced Vehicle Plant8:07Middle 50%: 7:41–8:51 · n=723
Starlight9:03Middle 50%: 8:31–9:53 · n=634

Played most by

zeus_on_god84games of this build0neTw083games of this buildViltrum53games of this buildDamsko40games of this buildXad39games of this build